 Dungeon Crawl Stone Soup version 0.24-a0-29-g43a6aff (console) character file.

Game seed: 4112906072402527934

25 Duffy the Chopper (level 3, 0/32 HPs)
             Began as a Naga Gladiator on Feb 2, 2019.
             Killed from afar by an orc wizard (7 damage)
             ... with a puff of frost
             ... on level 4 of the Dungeon.
             The game lasted 00:00:41 (425 turns).

Duffy the Chopper (Naga Gladiator)                   Turns: 425, Time: 00:00:42

Health: 0/32       AC:  4    Str: 17    XL:     3   Next: 4%
Magic:  3/3        EV: 10    Int:  8    God:
Gold:   15         SH:  0    Dex: 17    Spells: 2/2 levels left

rFire    . . .     SeeInvis +   a - +0 war axe
rCold    . . .     Gourm    .   (no shield)
rNeg     . . .     Faith    .   b - +0 leather armour
rPois    +         Spirit   .   c - +0 helmet
rElec    .         Reflect  .   (no cloak)
rCorr    .         Harm     .   h - +0 pair of gloves
MR       +....                  (no barding)
Stlth    +.........             (no amulet)
HPRegen  0.10/turn              g - +5 ring of dexterity
MPRegen  0.08/turn              k - ring of protection from magic

@: short of breath, very slow
A: large, see invisible, deformed body, poison resistance, slowness 2, slow
metabolism 1, spit poison 1, AC +1
a: Spit Poison


You were on level 4 of the Dungeon.
You were not hungry.

You visited 1 branch of the dungeon, and saw 4 of its levels.

You collected 15 gold pieces.

Inventory:

Hand Weapons
 a - a +0 war axe (weapon)
Missiles
 d - 3 throwing nets (quivered)
Armour
 b - a +0 leather armour (worn)
 c - a +0 helmet (worn)
 h - a +0 pair of gloves (worn)
Jewellery
 g - a +5 ring of dexterity (left hand)
 k - a ring of protection from magic (right hand)
Scrolls
 j - a scroll of identify {unknown}
 l - a scroll of remove curse {unknown}
Comestibles
 f - 3 rations
 i - a chunk of flesh


   Skills:
 - Level 2.0 Fighting
 + Level 4.1 Axes
 - Level 1.7 Throwing
 - Level 2.4 Dodging


You had 2 spell levels left.
You didn't know any spells.
Your spell library was empty.

Dungeon Overview and Level Annotations

Branches:
Dungeon (4/15)
 Temple: D:4-7

Altars:


Innate Abilities, Weirdness & Mutations

You cannot wear boots.
Your serpentine skin is tough. (AC +1)
You have supernaturally acute eyesight. (SInv)
Armour fits poorly on your strangely shaped body.
Your system is resistant to poisons. (rPois)
You cover ground very slowly.
You have a slow metabolism.
You can spit poison.


Message History

The orc wizard casts a spell at you. The puff of frost misses you.
The orc wizard hits you with a +0 dagger.
The orc wizard casts a spell at you.
The puff of flame hits the orc wizard!
The orc wizard gestures at you while chanting.
The magic dart hits you.
Press: ? - help, Shift-Dir - straight line, f - orc wizard
Aim: an orc wizard, wielding a +0 dagger and wearing a +0 robe The splash of poison hits the orc wizard but does no damage.
The orc wizard is heavily wounded.
You feel slightly more hungry.
The orc wizard hits you but does no damage.
You aren't carrying any potions.
As you read the scroll labeled ZOTO KAEBI, it crumbles to dust.
It is a scroll of amnesia.
You feel forgetful for a moment.
The orc wizard points at you and mumbles some strange words.
The puff of frost hits you!
You die...

##........)...#
#.............## .
#...........<..# ..
#........$.....# ...
#.......).....#
....## #............#
......##..<.........#
.......##...........#
#.@#...%.[....##
###oo.........#
#o....####### #....##
#....# #......#
#........# #........#
#.........


You could see 2 orc wizards and an orc.

Vanquished Creatures
  An adder (D:4)
  An orc (D:4)
  2 bats (D:1)
  A giant cockroach (D:3)
  5 goblins
  A kobold (D:2)
  A frilled lizard (D:3)
  A rat (D:3)
13 creatures vanquished.

Notes
Turn   | Place    | Note
-------+----------+-------------------------------------------
     0 | D:1      | Duffy the Naga Gladiator began the quest for the Orb.
     0 | D:1      | Reached XP level 1. HP: 19/19 MP: 1/1
   177 | D:2      | Reached XP level 2. HP: 25/26 MP: 2/2
   406 | D:4      | Reached skill level 4 in Axes
   413 | D:4      | Reached XP level 3. HP: 32/32 MP: 3/3
   425 | D:4      | Killed from afar by an orc wizard

Vault maps used:
D:1:      lightli_arrival_isolated_outpost
D:2:      nicolae_overflow_hidden_temple, nemelex_altar_shiori, uniq_sigmund,
          uniq_natasha
D:3:      gammafunk_temple_overflow_wave, uniq_terence, uniq_jessica
D:4:      fedhas_bush_and_centaur_altar

Skill      XL: |  1  2 |
---------------+-------+-----
Axes           | 4 |  4.1
Fighting       | |  2.0
Throwing       | |  1.7
Dodging        | |  2.4

Action                   || total
-------------------------++-------
Melee: War axe           ||    35
 Abil: Spit Poison       ||     3
  Use: Scroll            ||     1
 Stab: Sleeping          ||     1
Armor: Leather armour    ||    39
Dodge: Dodged            ||    47

Table legend:
 A = Non-vault XP
 B = Vault XP
 C = Vault XP percentage of total XP
 D = Non-vault monster count
 E = Vault monster count
 F = Vault count percentage of total count
                 A         B        C        D         E       F
            +---------+---------+-------+---------+---------+-------
      Total |      36 |       0 |   0.0 |      13 |       0 |   0.0
            +---------+---------+-------+---------+---------+-------
        D:1 |       6 |       0 |   0.0 |       3 |       0 |   0.0
        D:2 |       6 |       0 |   0.0 |       3 |       0 |   0.0
        D:3 |       8 |       0 |   0.0 |       5 |       0 |   0.0
        D:4 |      16 |       0 |   0.0 |       2 |       0 |   0.0
            +---------+---------+-------+---------+---------+-------
